 Dungeon Crawl Stone Soup version bcrawl-1.37.2 (webtiles) character file.

Game seed: 4447380777283765275

127198 Mehrunes the Skirmisher (level 2, -5/24 HPs)
             Began as a Demonspawn Abyssal Knight on Nov 3, 2022.
             Was a Follower of Lugonu.
             Killed from afar by a leopard gecko (17 damage)
             ... with an exploding inner flame
             ... hexed by INVALID YOU_FAULTLESS
             ... on level 1 of the Dungeon.
             The game lasted 00:01:14 (345 turns).

Mehrunes the Skirmisher (Demonspawn Abyssal Knight)  Turns: 345, Time: 00:01:14

Health: -5/24      AC:  7    Str: 13    XL:     2   Next: 48%
Magic:  4/4        EV: 10    Int: 11    God:    Lugonu [*.....]
Gold:   64         SH:  0    Dex: 13    Spells: 1/1 levels left

rFire    . . .     GDR:     27% l - -2 dagger (curse)
rCold    . . .     SeeInvis .   (no shield)
rNeg     . . .     Gourm    .   b - +0 ring mail
rPois    .         Faith    .   (no helmet)
rElec    .         Spirit   .   (no cloak)
rCorr    .         Reflect  .   (no gloves)
MR       .....                  (no boots)
Stlth    +.........             (no amulet)
HPRegen  0.14/turn              (no ring)
MPRegen  0.09/turn              (no ring)

@: no status effects
A: icy blue scales 1
a: Depart the Abyss, Bend Space, Renounce Religion


You were on level 1 of the Dungeon.
You worshipped Lugonu.
Lugonu was aware of your devotion.
You were hungry.

You visited 1 branch of the dungeon, and saw 1 of its levels.
You visited the Abyss 1 time.

You collected 64 gold pieces.

Inventory:

Hand Weapons
 a - a +0 long sword
 l - a cursed -2 dagger (weapon)
Missiles
 c - 10 tomahawks of dispersal {=f}
 d - 247 stones (quivered)
Armour
 b - a +0 ring mail (worn)
Jewellery
 m - an uncursed ring of insulation
Scrolls
 f - 2 scrolls of teleportation
 i - a scroll of identify
Potions
 j - 2 potions of brilliance {unknown}
Comestibles
 e - a ration {!d}
 g - 2 chunks of flesh


   Skills:
 + Level 3.1 Fighting
 + Level 2.0 Long Blades
 - Level 0.8 Throwing
 + Level 2.0 Armour
 + Level 1.2 Dodging
 + Level 3.0 Invocations


You had one spell level left.
You didn't know any spells.
Your spell library was empty.

Dungeon Overview and Level Annotations

Branches:
Dungeon (1/12)

Altars:


Innate Abilities, Weirdness & Mutations

You are partially covered in icy blue scales. (AC +2)


Message History

It was a scroll of immolation.
As you read the scroll labeled CAMNOA HOTAFUU, it crumbles to dust.
You feel aware of your surroundings.
It was a scroll of magic mapping.
The leopard gecko bites you.
You see here a +0 dagger.
You closely miss the leopard gecko. The leopard gecko barely misses you.
You closely miss the leopard gecko. The leopard gecko bites you.
You barely miss the leopard gecko.
The leopard gecko bites you but does no damage.
You closely miss the leopard gecko. The leopard gecko bites you.
You closely miss the leopard gecko. The leopard gecko closely misses you.
You are feeling hungry.
You hit the leopard gecko.
The leopard gecko is moderately wounded.
The leopard gecko bites you.
You hit the leopard gecko.
The leopard gecko explodes!
The fiery explosion engulfs you!
Ouch! That really hurt!
You die...

.# *(.....w,,,,,,,, .#
*.......,,,,,,,, .#######
##.......,,,,,,,, .......#
#........,,,,,,,,
###....##########.#......,,,,,,,,
#......................**,,,,,*
#....######....)##*********#.##
#.....# #...§§.### *.#.
#####.#####...@§§%.##### ###..
#######....####!##§.†....## #....
........##.# #.##.##.##..###.##.
........##.# ##.##..#..#.........
........##.###..###.##.#...[.....
........##.##..................).
........##..#..###.....[.........
...............##.......>........
........###......................


There were no monsters in sight!

Vanquished Creatures
  A dart slug (D:1)
  A ball python (D:1)
  5 goblins (D:1)
  A hobgoblin (D:1)
  3 kobolds (D:1)
  A quokka (D:1)
  A frilled lizard (D:1)
13 creatures vanquished.

Notes
Turn   | Place    | Note
-------+----------+-------------------------------------------
     0 | Abyss:1  | Mehrunes the Demonspawn Abyssal Knight began the quest for
                  | the Orb.
     0 | Abyss:1  | Reached XP level 1. HP: 18/18 MP: 2/2
     9 | D:1      | Escaped the Abyss
    98 | D:1      | Reached skill level 1 in Dodging
   161 | D:1      | Gained mutation: You are partially covered in icy blue
                  | scales. (AC +2) [demonic ancestry]
   161 | D:1      | Reached XP level 2. HP: 15/24 MP: 4/4
   345 | D:1      | Killed from afar by a leopard gecko

Skill      XL: |  1  2 |
---------------+-------+-----
Dodging        | 1 |  1.2
Long Blades    | 2 |  2.0
Armour         | 2 |  2.0
Invocations    | 3 |  3.0
Fighting       | |  3.1
Throwing       | |  0.8

Action                   || total
-------------------------++-------
Melee: Long sword        ||    47
       Dagger            ||    33
  Use: Scroll            ||     3
Armor: Ring mail         ||    35
Dodge: Dodged            ||    27
